 Dungeon Crawl Stone Soup version 0.26.1-2-gb8aa6d0cf2 (webtiles) character file.

Game seed: 6222713663419289115

207530 DearestLeader the Earth Mage (level 18, -2/110 HPs)
             Began as a Gargoyle Earth Elementalist on Feb 24, 2021.
             Was the Champion of Vehumet.
             Slain by a spark wasp (18 damage)
             ... on level 4 of the Spider Nest on Feb 27, 2021.
             The game lasted 02:13:04 (46099 turns).

DearestLeader the Earth Mage (GrEE)                Turns: 46099, Time: 02:13:04

Health: -2/110     AC: 33    Str: 12 (13) XL:     18   Next: 75%
Magic:  5/36       EV: 11    Int: 32 (33) God:    Vehumet [******]
Gold:   2881       SH:  9    Dex:  4 (6)  Spells: 1/45 levels left

rFire    . . .     SeeInvis .   G - +10 short sword "Wuanead" {freeze, rElec rC+++ Int+3 Dex-4}
rCold    + + +     Faith    .   d - +0 buckler
rNeg     + + +     Spirit   .   o - +3 ring mail {Will+}
rPois    ∞         Reflect  +   k - +2 helmet
rElec    +         Harm     .   p - +2 cloak {rCorr}
rCorr    +         Rampage  +   a - +0 pair of gloves of Daffodils {Rampage rC+ rN++}
Will     +++..                  D - +0 pair of boots {Stlth+}
Stlth    +.........             c - amulet of reflection
HPRegen  0.28/turn              S - ring "Suysmong" {rPois rC+ Int+7}
MPRegen  0.25/turn              X - ring of willpower

@: no potions, flying
A: big wings, negative energy resistance 1, electricity resistance, unbreathing,
petrification resistance, miasma immunity, AC +13
}: 1/15 runes: decaying
a: Stop Flying, Renounce Religion


You were on level 4 of the Spider Nest.
You worshipped Vehumet.
Vehumet was exalted by your worship.
You visited 6 branches of the dungeon, and saw 32 of its levels.
You also visited: Gauntlet and Ice Cave.

You collected 3456 gold pieces.
You spent 575 gold pieces at shops.

Inventory:

Hand Weapons
 G - the +10 short sword "Wuanead" (weapon) {freeze, rElec rC+++ Int+3 Dex-4}
   (You took it off a centaur on level 7 of the Dungeon)

   It has been specially enchanted to freeze those struck by it, causing extra
   injury to most foes and up to half again as much damage against particularly
   susceptible opponents.
   It can also slow down cold-blooded creatures.
   It affects your intelligence (+3).
   It affects your dexterity (-4).
   It renders you almost immune to cold.
   It insulates you from electricity.
Missiles
 b - 649 stones
Armour
 a - the +0 pair of gloves of Daffodils (worn) {Rampage rC+ rN++}
   (You found it on level 2 of the Spider Nest)

   It protects you from cold.
   It greatly protects you from negative energy.
   It bestows one free step when moving towards enemies.
 d - a +0 buckler (worn)
 k - a +2 helmet (worn)
 o - a +3 ring mail of willpower (worn)
 p - a +2 cloak of preservation (worn)
 D - a +0 pair of boots of stealth (worn)
 Q - +0 ice dragon scales
 V - the +18 shield of the Gong {rElec rN+ Will+ EV-5}
   (You found it on level 1 of the Spider Nest)

   It affects your evasion (-5).
   It insulates you from electricity.
   It protects you from negative energy.
   It affects your willpower, your defense against some magical effects.
Magical Staves
 F - an uncursed staff of air
 M - an uncursed staff of earth
Jewellery
 c - an amulet of reflection (around neck)
 t - an uncursed ring of willpower
 x - an uncursed ring of wizardry
 y - an uncursed ring of positive energy
 S - the ring "Suysmong" (left hand) {rPois rC+ Int+7}
   (You found it on level 6 of the Lair of Beasts)

   [ring of protection from cold]

   It affects your intelligence (+7).
   It protects you from cold.
   It protects you from poison.
 X - a ring of willpower (right hand)
 Y - an uncursed ring of protection from cold
 Z - an uncursed ring of protection from fire
Wands
 f - a wand of flame (52)
 j - a wand of enslavement (34)
 v - a wand of iceblast (30)
 w - a wand of disintegration (22)
 z - a wand of acid (9)
 E - a wand of paralysis (16)
 K - a wand of polymorph (22)
 O - a wand of random effects (33)
 W - a wand of digging (8)
Scrolls
 e - 5 scrolls of amnesia
 g - 3 scrolls of identify
 h - 3 scrolls of enchant weapon
 l - 3 scrolls of silence
 n - 7 scrolls of fear
 q - 3 scrolls of blinking
 A - 9 scrolls of teleportation
 B - 10 scrolls of remove curse
 H - 4 scrolls of magic mapping
 J - 2 scrolls of fog
 L - 3 scrolls of immolation
 N - 2 scrolls of vulnerability
Potions
 i - 4 potions of invisibility
 m - 5 potions of ambrosia
 r - 7 potions of haste
 s - 6 potions of heal wounds
 u - 16 potions of curing
 C - 2 potions of resistance
 I - 6 potions of brilliance
 P - 7 potions of cancellation
 T - 4 potions of magic
 U - 3 potions of might
Miscellaneous
 R - a tin of tremorstones (2/2)


   Skills:
 - Level 11.0 Fighting
 - Level 4.1 Short Blades
 - Level 10.0 Armour
 - Level 7.0 Dodging
 - Level 2.1 Stealth
 - Level 5.0 Shields
 + Level 14.0 Spellcasting
 - Level 10.2 Conjurations
 - Level 0.7 Transmutations
 * Level 16.8 Ice Magic
 - Level 2.0 Air Magic
 - Level 17.1 Earth Magic


You had one spell level left.
You knew the following spells:

 Your Spells              Type           Power        Failure   Level
a - Sandblast             Erth           100%         0%          1
b - Passwall              Tmut/Erth      56%          1%          2
c - Stone Arrow           Conj/Erth      100%         1%          3
d - Lee's Rapid Deconstr  Erth           46%          1%          5
e - Petrify               Tmut/Erth      68%          1%          4
f - Searing Ray           Conj           100%         1%          2
g - Freezing Cloud        Conj/Ice/Air   35%          3%          6
h - Iron Shot             Conj/Erth      41%          1%          6
i - Ozocubu's Refrigerat  Ice            46%          1%          6
j - Absolute Zero         Ice            46%          65%         9

Your spell library contained the following spells:

 Spells                   Type           Power        Failure   Level
 Lehudib's Crystal Spear  Conj/Erth      41%          24%         8
 Chain Lightning          Conj/Air       28%          99%         8
 Foxfire                  Conj/Fire      100%         1%          1
 Magic Dart               Conj           100%         1%          1
 Shock                    Conj/Air       100%         1%          1
 Animate Skeleton         Necr           44%          3%          1
 Apportation              Tloc           44%          3%          1
 Corona                   Hex            24%          3%          1
 Summon Small Mammal      Summ           88%          3%          1
 Ensorcelled Hibernation  Hex/Ice        100%         1%          2
 Conjure Flame            Conj/Fire      53%          1%          3
 Dazzling Flash           Conj/Hex       100%         1%          3
 Mephitic Cloud           Conj/Pois/Air  48%          1%          3
 Static Discharge         Conj/Air       57%          1%          3
 Fulminant Prism          Conj/Hex       26%          1%          4
 Iskenderun's Mystic Bla  Conj/Tloc      53%          1%          4
 Leda's Liquefaction      Hex/Erth       33%          1%          4
 Sticky Flame             Conj/Fire      53%          1%          4
 Swiftness                Air            35%          2%          2
 Lightning Bolt           Conj/Air       28%          2%          5
 Poisonous Vapours        Pois/Air       56%          3%          2
 Inner Flame              Hex/Fire       22%          3%          3
 Fireball                 Conj/Fire      26%          3%          5
 Irradiate                Conj/Tmut      27%          3%          5
 Metabolic Englaciation   Hex/Ice        33%          3%          5
 Airstrike                Air            17%          4%          4
 Blink                    Tloc           N/A          6%          2
 Call Imp                 Summ           22%          6%          2
 Slow                     Hex            22%          6%          2
 Confusing Touch          Hex            22%          12%         3
 Gell's Gravitas          Tloc           11%          12%         3
 Lesser Beckoning         Tloc           11%          12%         3
 Portal Projectile        Hex/Tloc       44%          12%         3
 Tukima's Dance           Hex            22%          12%         3
 Orb of Destruction       Conj           36%          13%         7
 Yara's Violent Unravell  Hex/Tmut       12%          24%         5
 Cause Fear               Hex            11%          36%         4
 Passage of Golubria      Tloc           N/A          36%         4
 Shatter                  Erth           46%          63%         9
 Alistair's Intoxication  Tmut/Pois      16%          67%         5
 Invisibility             Hex            22%          99%         6
 Ignition                 Fire           11%          100%        8
 Tornado                  Air            17%          100%        9


Dungeon Overview and Level Annotations

Branches:
Dungeon (15/15)            Temple (1/1) D:4            Lair (6/6) D:11
  Swamp (4/4) Lair:3       Spider (4/4) Lair:4        Slime (0/5) Lair:6
    Orc (2/2) D:9             Elf (0/3) Orc:2        Vaults (0/5) D:14
 Depths (0/5) D:15          IceCv (visited)         Gauntlet (visited)

Altars:
Ashenzari
Cheibriados
Dithmenos
Elyvilon
Fedhas
Gozag
Hepliaklqana
Kikubaaqudgha
Makhleb
Nemelex Xobeh
Okawaru
Qazlal
Ru
Sif Muna
Trog
Uskayaw
Vehumet
Wu Jian
Xom
Yredelemnul
Zin
The Shining One
Beogh

Shops:
D:7 (   D:9 !   D:10 !   D:11 (   Orc:2 ([*==

Annotations:
D:6 1 runed translucent door
Orc:1 1 runed translucent door


Innate Abilities, Weirdness & Mutations

You are resistant to torment.
Your stone body is resilient. (AC +13)
You are immune to poison.
Your large and strong wings let you fly indefinitely.
You resist negative energy. (rN+)
You are resistant to electric shocks. (rElec)
You can survive without breathing.
You are immune to petrification.
You are immune to miasma.


Message History

The tarantella zombie is lightly damaged.
You kill the tarantella!
Vehumet accepts your kill.
You feel your power returning.
You kill the tarantella!
Vehumet accepts your kill.
You feel your power returning. You block the spark wasp's attack.
Unknown command.
Casting: Ozocubu's Refrigeration (mildly dangerous; 1% risk of failure)
Confirm with . or Enter, or press ? or * to list all spells.
The heat is drained from your surroundings.
You resist.
You feel very cold. The monsters around you are frozen!
You kill the orb spider!
Vehumet accepts your kill.
You feel your power returning.
The moth of wrath is almost dead.
The spark wasp is almost dead.
The tarantella zombie resists.
The tarantella zombie is lightly damaged.
The spark wasp completely misses you. The spark wasp stings you!!
You die...

#^^..^...*,≈≈≈≈≈≈*≈
#≈≈≈....,,,≈≈≈≈≈≈≈≈
#≈≈#≈.#*****≈*≈≈≈**
*^y≈≈.#,,,≈≈≈*≈≈≈*≈
*.≈≈≈≈#^,^,≈≈≈≈≈≈*≈
##Z≈†≈#,*,,,≈*≈^≈*≈
#.†.≈≈#,,,,,*≈≈,,≈≈
#††y≈##,,,*********
#†@.≈≈#,,,*,,,,,,,,
#....≈#,,,*,*******
#..#.≈#,,,*,,,^,,,,
#.....#,,**,,,,,,,,
#.....#,,,*,,,,,,,,
#≈....#,,^*,,,,,,,,
****
#≈.#..#,,,*,,,,,,,,
,,^*
#≈≈...#*,,*,,,,,,,,
,,,*******
#ss≈..#^,,***+++++*


You could see a spark wasp, a moth of wrath and a tarantella zombie.

Vanquished Creatures
  Jorgrun (Spider:3)
  2 Ice Fiends (IceCv)
  Rupert (D:15)
  Kirke (Lair:5)
  Donald (Spider:1)
  3 fenstrider witches (Swamp:4)
  Louise (Spider:4)
  An emperor scorpion (Spider:2)
  A ghost moth (Spider:3)
  An orc warlord (Orc:2)
  The ghost of Bolleh the Thaumaturge, a journeyman GnSk of Makhleb (Spider:2)
  Azrael (Spider:1)
  A bunyip (Swamp:4)
  An entropy weaver (Spider:4)
  A dire elephant (Lair:6)
  A minotaur (Gauntlet)
  A spark wasp (Spider:4)
  2 ettins
  7 eleionomae
  A blizzard demon (Swamp:4)
  A green death (Swamp:4)
  Snorg (D:10)
  A shambling mangrove (Swamp:4)
  Josephine (Orc:2)
  Harold (Orc:1)
  4 vault guards (D:14)
  15 hydras
  2 boulder beetles
  A catoblepas (Lair:6)
  3 ghost crabs
  10 alligators
  2 centaur warriors
  A deep troll shaman (Lair:6)
  A death knight (D:13)
  2 tengu warriors (D:13)
  An ogre mage (Swamp:4)
  6 two-headed ogres
  Urug (Orc:2)
  14 death yaks
  4 orc high priests
  A deep elf knight (D:15)
  A soul eater (Swamp:4)
  3 sixfirhies (Swamp:4)
  A hell knight (D:15)
  4 skeletal warriors (D:15)
  6 goliath frogs
  4 orange crystal statues (Orc:1)
  An unseen horror (D:12)
  A deep elf archer (D:15)
  9 spriggan druids
  7 swamp dragons
  A wizard (Swamp:4)
  5 orc knights
  5 bog bodies
  11 orc sorcerers
  2 deep elf magi (Swamp:4)
  10 orb spiders
  3 will-o-the-wisps
  13 ugly things
  A moth of wrath (Spider:2)
  A cyclops (D:15)
  4 slime creatures (D:15)
  A manticore (D:15)
  19 wolf spiders
  7 elephants (Lair:6)
  2 ice statues (IceCv)
  5 black mambas
  3 orange demons (Swamp:4)
  4 torpor snails
  9 cane toads
  4 gargoyles
  A smoke demon (Gauntlet)
  2 kobold demonologists
  9 komodo dragons
  14 demonic crawlers
  7 rime drakes
  3 yaktaurs (D:15)
  14 ice devils (IceCv)
  A tengu conjurer (D:13)
  11 trolls
  A harpy zombie (D:15)
  A red devil (Gauntlet)
  15 jumping spiders
  12 tyrant leeches
  3 hornets
  5 polar bears
  A bloated husk (Swamp:3)
  2 wolf spider simulacra
  7 dream sheep
  A raiju (shapeshifter) (D:14)
  11 blink frogs
  4 wraiths
  6 spriggans
  54 redbacks
  A water elemental (D:13)
  A shadow (D:15)
  18 tarantellas
  24 yaks
  4 wyverns
  4 basilisks
  3 hogs (Lair:5)
  2 fire elementals (Spider:1)
  3 vampire mosquitoes
  2 chaos spawn (Swamp:4)
  2 wargs
  15 swamp worms
  3 soldier ants (Spider:4)
  An acid dragon (D:14)
  21 water moccasins
  6 hell hounds (Spider:1)
  3 ice beasts
  38 orc warriors
  3 sky beasts
  2 black bears
  A swamp drake (Swamp:4)
  4 eyes of draining
  13 ogres
  2 necrophages
  A phantom (D:9)
  28 wolves
  18 centaurs
  Blork the orc (D:4)
  4 big kobolds (D:12)
  24 bullfrogs
  A wyvern zombie (D:14)
  3 scorpions
  2 wyvern skeletons
  4 killer bees (D:13)
  2 troll zombies (Swamp:3)
  8 howler monkeys
  2 troll skeletons (Swamp:3)
  7 electric eels
  A bullfrog zombie (D:5)
  2 crimson imps (Gauntlet)
  2 quasits
  4 centaur zombies
  3 centaur skeletons
  6 jellies
  A gnoll shaman (D:4)
  33 orc priests
  8 hounds
  30 orc wizards
  A bullfrog skeleton (D:7)
  Crazy Yiuf (D:2)
  6 iguanas
  21 worker ants
  A killer bee zombie (D:8)
  3 hound zombies
  A howler monkey zombie (D:6)
  3 worker ant zombies
  Robin (D:2)
  12 adders
  A howler monkey skeleton (D:6)
  7 gnolls
  A shadow imp (D:5)
  10 white imps
  7 ufetubi (IceCv)
  2 oozes
  4 adder skeletons
  9 worms
  A dart slug (D:1)
  5 leopard geckos
  89 orcs
  5 giant cockroaches
  8 goblins
  11 hobgoblins
  14 jackals
  3 quokkas
  7 bats
  4 frilled lizards
  21 kobolds
  A kobold skeleton (D:6)
  A kobold zombie (D:6)
  A leopard gecko skeleton (D:6)
  8 rats
1076 creatures vanquished.

Vanquished Creatures (others)
  An alligator (Swamp:3)
  A wolf spider (Spider:1)
  2 bloated husks (Swamp:3)
  A swamp worm (Swamp:3)
  2 white imps (IceCv)
  3 ufetubi (IceCv)
  2 orcs (Orc:2)
  24 demonic plants (Gauntlet)
  10 foxfires
  30 fungi
  63 plants
139 creatures vanquished.

Grand Total: 1215 creatures vanquished

Notes
Turn   | Place    | Note
-------+----------+-------------------------------------------
     0 | D:1      | DearestLeader the Gargoyle Earth Elementalist began the
                  | quest for the Orb.
     0 | D:1      | Reached XP level 1. HP: 10/10 MP: 3/3
   175 | D:1      | Reached skill level 4 in Earth Magic
   259 | D:1      | Reached XP level 2. HP: 10/15 MP: 5/5
   262 | D:1      | Learned a level 2 spell: Passwall
   910 | D:2      | Noticed Robin
   923 | D:2      | Reached XP level 3. HP: 14/19 MP: 0/6
   936 | D:1      | Reached skill level 5 in Earth Magic
  1042 | D:2      | Killed Robin
  1112 | D:2      | Reached XP level 4. HP: 8/24 MP: 1/7
  1129 | D:2      | Reached skill level 6 in Earth Magic
  1900 | D:2      | Reached XP level 5. HP: 26/28 MP: 8/8
  2005 | D:2      | Found a runed translucent door.
  2006 | D:2      | Noticed Crazy Yiuf
  2318 | D:2      | Killed Crazy Yiuf
  2319 | D:2      | Reached skill level 7 in Earth Magic
  3323 | D:3      | You fall into a shaft and drop 3 floors!
  3338 | D:6      | Noticed a centaur
  3345 | D:6      | Killed a centaur
  3346 | D:6      | Reached skill level 8 in Earth Magic
  3346 | D:6      | Reached XP level 6. HP: 25/32 MP: 4/9
  3469 | D:5      | Entered Level 5 of the Dungeon
  3616 | D:4      | Found a staircase to the Ecumenical Temple.
  3636 | D:4      | Reached skill level 9 in Earth Magic
  3640 | Temple   | Entered the Ecumenical Temple
  3642 | Temple   | Reached XP level 7. HP: 22/36 MP: 8/10
  4188 | D:3      | Found a sparkling altar of Nemelex Xobeh.
  4205 | D:3      | Learned a level 3 spell: Stone Arrow
  4589 | D:4      | Noticed Blork the orc
  4594 | D:4      | Killed Blork the orc
  4753 | D:4      | Reached skill level 10 in Earth Magic
  5427 | D:4      | Learned a level 5 spell: Lee's Rapid Deconstruction
  5672 | D:5      | Reached XP level 8. HP: 41/41 MP: 12/12
  6057 | D:6      | Reached skill level 1 in Fighting
  6284 | D:6      | Reached skill level 11 in Earth Magic
  6639 | D:6      | Found a runed translucent door.
  6691 | D:6      | Found a basalt altar of Yredelemnul.
  6913 | D:6      | Learned a level 4 spell: Petrify
  7064 | D:7      | Reached XP level 9. HP: 51/51 MP: 15/15
  7226 | D:7      | Reached skill level 12 in Earth Magic
  7367 | D:7      | Identified the +10 short sword "Wuanead" {freeze, rElec
                  | rC+++ Int+3 Dex-4}
  7625 | D:7      | Found Dagiju Zaypn's Hydra Hut.
  7631 | D:7      | Noticed a five-headed hydra
  7828 | D:8      | Found a radiant altar of Vehumet.
  7834 | D:8      | Became a worshipper of Vehumet
  8016 | D:8      | Reached skill level 1 in Short Blades
  8051 | D:8      | Reached skill level 5 in Spellcasting
  8326 | D:9      | Found a staircase to the Orcish Mines.
  8574 | D:9      | Reached skill level 5 in Fighting
  8789 | D:9      | Reached skill level 13 in Earth Magic
  8789 | D:9      | Reached XP level 10. HP: 59/59 MP: 15/18
  8902 | D:9      | Found Duurut's Distillery.
  8906 | D:9      | Bought a potion of resistance for 140 gold pieces
  8906 | D:9      | Bought a potion of curing for 42 gold pieces
  9109 | D:10     | Entered Level 10 of the Dungeon
  9109 | D:10     | Found Quttema's Distillery.
  9132 | D:10     | Bought a potion of heal wounds for 80 gold pieces
  9295 | D:10     | Noticed Snorg
  9303 | D:10     | Killed Snorg
  9322 | D:10     | Reached * piety under Vehumet
  9322 | D:10     | Offered knowledge of Shock by Vehumet.
  9670 | D:10     | Noticed a gargoyle
  9672 | D:10     | Killed a gargoyle
  9673 | D:10     | Reached skill level 1 in Conjurations
 10522 | D:11     | Reached skill level 14 in Earth Magic
 10622 | D:11     | Reached XP level 11. HP: 51/66 MP: 13/20
 10629 | D:11     | Offered knowledge of Searing Ray by Vehumet.
 10633 | D:11     | Learned a level 2 spell: Searing Ray
 10694 | D:11     | Reached ** piety under Vehumet
 11038 | D:11     | Reached skill level 1 in Armour
 11133 | D:11     | Found Inu Peof's Weapon Shoppe.
 11135 | D:11     | Found a staircase to the Lair.
 11587 | Lair:1   | Entered Level 1 of the Lair of Beasts
 11987 | Lair:1   | Got a smoking long sword
 11987 | Lair:1   | Identified the cursed +2 long sword "Arbiter" {drain, Will+
                  | Dex+4 Stlth+} (You found it on level 1 of the Lair of
                  | Beasts)
 12069 | Lair:1   | Reached skill level 1 in Shields
 12503 | Lair:2   | Noticed a five-headed hydra
 12664 | Lair:2   | Noticed a four-headed hydra
 12666 | Lair:1   | Offered knowledge of Dazzling Flash by Vehumet.
 12821 | Lair:2   | Reached skill level 15 in Earth Magic
 12932 | Lair:2   | Killed a five-headed hydra
 12999 | Lair:2   | Killed a four-headed hydra
 13000 | Lair:2   | Reached skill level 5 in Conjurations
 13000 | Lair:2   | Reached XP level 12. HP: 73/73 MP: 6/23
 13119 | Lair:2   | Noticed an eight-headed hydra
 13123 | Lair:2   | Killed an eight-headed hydra
 13123 | Lair:2   | Reached *** piety under Vehumet
 13124 | Lair:2   | Reached skill level 5 in Armour
 13305 | Lair:2   | Noticed a five-headed hydra
 13310 | Lair:2   | Killed a five-headed hydra
 14151 | Lair:3   | Noticed a death yak
 14152 | Lair:3   | Noticed a death yak
 14176 | Lair:3   | Killed a death yak
 14177 | Lair:3   | Reached skill level 5 in Shields
 14212 | Lair:3   | Killed a death yak
 14681 | Lair:3   | Found a staircase to the Swamp.
 14694 | Lair:3   | Offered knowledge of Hailstorm by Vehumet.
 15140 | Lair:4   | Reached skill level 16 in Earth Magic
 15462 | Lair:4   | Found a hole to the Spider Nest.
 15467 | Lair:4   | Reached XP level 13. HP: 80/80 MP: 25/25
 16078 | Lair:5   | Noticed Kirke
 16173 | Lair:5   | Reached **** piety under Vehumet
 16332 | Lair:5   | Killed Kirke
 16637 | Lair:5   | Offered knowledge of Bolt of Magma by Vehumet.
 17255 | Lair:6   | Entered Level 6 of the Lair of Beasts
 17458 | Lair:6   | Reached skill level 17 in Earth Magic
 17578 | Lair:6   | Reached ***** piety under Vehumet
 17597 | Lair:6   | Offered knowledge of Freezing Cloud by Vehumet.
 17605 | Lair:6   | Learned a level 6 spell: Freezing Cloud
 17776 | Lair:6   | Found a staircase to the Slime Pits.
 17822 | Lair:6   | Reached skill level 1 in Ice Magic
 17862 | Lair:6   | Reached skill level 10 in Fighting
 18348 | Lair:6   | Gained mutation: Your large and strong wings let you fly
                  | indefinitely. [Gargoyle growth]
 18348 | Lair:6   | Reached XP level 14. HP: 65/88 MP: 27/27
 18851 | Lair:6   | Reached skill level 5 in Ice Magic
 18961 | Lair:6   | Noticed a dire elephant
 18974 | Lair:6   | Killed a dire elephant
 19113 | Lair:6   | Got a smoking bronze ring
 19125 | Lair:6   | Identified the ring "Suysmong" {rPois rC+ Int+7} (You found
                  | it on level 6 of the Lair of Beasts)
 19710 | Orc:1    | Entered Level 1 of the Orcish Mines
 19710 | Orc:1    | Found a runed translucent door.
 19992 | Orc:1    | Found the +10 tower shield of Ignorance {rN+ Int-4}
 19998 | Orc:1    | Found a runed translucent door.
 20206 | Orc:1    | Noticed Harold
 20263 | Orc:1    | Killed Harold
 20264 | Orc:1    | Reached skill level 10 in Spellcasting
 20430 | Orc:1    | Found a roughly hewn altar of Beogh.
 20549 | Orc:2    | Entered Level 2 of the Orcish Mines
 20549 | Orc:2    | Found a staircase to the Elven Halls.
 20550 | Orc:2    | Noticed Josephine
 20555 | Orc:2    | Killed Josephine
 20691 | Orc:1    | Noticed a stone giant
 20797 | Orc:1    | Noticed an orc warlord
 21172 | Orc:2    | Found Geph's Jewellery Boutique.
 21221 | Orc:1    | Reached skill level 5 in Dodging
 21294 | Orc:1    | Noticed Urug
 22280 | Orc:2    | Offered knowledge of Iskenderun's Mystic Blast by Vehumet.
 22591 | Orc:2    | Found a radiant altar of Vehumet.
 22803 | Orc:2    | Noticed an orc warlord
 22833 | Orc:2    | Reached skill level 1 in Air Magic
 22990 | Orc:2    | Reached XP level 15. HP: 90/92 MP: 25/29
 23845 | Orc:2    | Killed an orc warlord
 24067 | Orc:2    | Found Rysu Roe's General Store.
 24068 | Orc:2    | Found Ocleusug's Jewellery Shoppe.
 24070 | Orc:2    | Found Jeibraz's Antique Armour Emporium.
 24070 | Orc:2    | Found Agaat's Antique Weapon Emporium.
 24087 | Orc:2    | Bought a pitted cloak for 313 gold pieces
 24097 | Orc:2    | Identified the +1 cloak "Juzoyr" {Str+2} (You bought it in
                  | a shop on level 2 of the Orcish Mines)
 24418 | Orc:2    | Killed Urug
 24674 | Orc:1    | Offered knowledge of Conjure Ball Lightning by Vehumet.
 24958 | D:12     | Found a broken altar of Ashenzari.
 25017 | D:12     | Found a gate leading to a gauntlet.
 25058 | Gauntlet | Entered a Gauntlet
 25058 | Gauntlet | Found a transporter.
 25058 | Gauntlet | Found a transporter.
 25062 | Gauntlet | Found a transporter.
 25062 | Gauntlet | Found a transporter.
 25074 | Gauntlet | Found a transporter.
 25095 | Gauntlet | Found a transporter.
 25105 | Gauntlet | Found a transporter.
 25105 | Gauntlet | Found a transporter.
 25109 | Gauntlet | Found a transporter.
 25136 | Gauntlet | Found a transporter.
 25143 | Gauntlet | Found a transporter.
 25149 | Gauntlet | Noticed a quicksilver dragon
 25149 | Gauntlet | a stone giant changed into a quicksilver dragon
 25153 | Gauntlet | Noticed an acid blob
 25153 | Gauntlet | a quicksilver dragon changed into an acid blob
 25165 | Gauntlet | Noticed a golden dragon
 25165 | Gauntlet | an acid blob changed into a golden dragon
 25166 | Gauntlet | Noticed a caustic shrike
 25166 | Gauntlet | a golden dragon changed into a caustic shrike
 25171 | Gauntlet | Noticed an acid blob
 25171 | Gauntlet | a caustic shrike changed into an acid blob
 25188 | Gauntlet | Found a transporter.
 25198 | Gauntlet | Found a transporter.
 25212 | Gauntlet | Found a transporter.
 25313 | Gauntlet | Found a transporter.
 25327 | Gauntlet | Found a transporter.
 25495 | Gauntlet | Got a scorched helmet
 25508 | Gauntlet | Identified the +1 helmet of Elitism {rElec Dex+2 Stlth-}
                  | (You found it in a Gauntlet)
 25608 | Gauntlet | Got a pair of heavily runed gloves
 25701 | Gauntlet | Identified the +1 pair of gloves of a Gauntlet {rF- Will+
                  | Str+7} (You found it in a Gauntlet)
 25733 | Gauntlet | Identified the Volume of Battle Magic and Displacement
 25736 | Gauntlet | Got a translucent turquoise ring
 25738 | Gauntlet | Identified the ring of Happiness {Fire *Drain Dex+4 SInv}
                  | (You found it in a Gauntlet)
 27133 | D:12     | Reached skill level 10 in Ice Magic
 29209 | D:14     | Offered knowledge of Iron Shot by Vehumet.
 29230 | D:14     | Learned a level 6 spell: Iron Shot
 29295 | D:14     | Found a gate to the Vaults.
 29674 | D:14     | Got a spiked ring mail
 29684 | D:14     | Identified the +0 ring mail "Lewecvot" {+Blink Dex+3
                  | Stlth+} (You found it on level 14 of the Dungeon)
 29851 | D:14     | Found a shimmering blue altar of Sif Muna.
 30563 | D:14     | Reached XP level 16. HP: 97/97 MP: 28/31
 30599 | D:15     | Entered Level 15 of the Dungeon
 30865 | D:15     | Noticed Rupert
 31003 | D:15     | Killed Rupert
 31568 | D:15     | Reached skill level 10 in Conjurations
 32091 | D:15     | Offered knowledge of Ozocubu's Refrigeration by Vehumet.
 32105 | D:15     | Learned a level 6 spell: Ozocubu's Refrigeration
 32427 | D:15     | Found a staircase to the Depths.
 32689 | Swamp:1  | Entered Level 1 of the Swamp
 33879 | Swamp:1  | Found an ancient bone altar of Kikubaaqudgha.
 35089 | Swamp:2  | Found a sacrificial altar of Ru.
 35785 | Swamp:3  | Reached XP level 17. HP: 101/102 MP: 18/33
 36868 | Swamp:4  | Entered Level 4 of the Swamp
 37218 | Swamp:4  | Reached skill level 10 in Armour
 38094 | Swamp:4  | Offered knowledge of Iskenderun's Battlesphere by Vehumet.
 38106 | Swamp:4  | Reached ****** piety under Vehumet
 39310 | Swamp:4  | Got a decaying rune of Zot
 40120 | Spider:1 | Entered Level 1 of the Spider Nest
 40143 | Spider:1 | Reached skill level 15 in Ice Magic
 40614 | Spider:1 | Noticed Donald
 40619 | Spider:1 | Killed Donald
 40628 | Spider:1 | Noticed Azrael
 40630 | Spider:1 | Offered knowledge of Eringya's Noxious Bog by Vehumet.
 40631 | Spider:1 | Reached XP level 18. HP: 95/107 MP: 27/35
 40631 | Spider:1 | Killed Azrael
 40728 | Spider:1 | Found the +18 shield of the Gong {rElec rN+ Will+ EV-5}
 41708 | Spider:2 | Got a pair of translucent gloves
 41718 | Spider:2 | Identified the +0 pair of gloves of Daffodils {Rampage rC+
                  | rN++} (You found it on level 2 of the Spider Nest)
 42420 | Spider:2 | Noticed Bolleh's ghost (journeyman GnSk)
 42433 | Spider:2 | Found a runed translucent gate.
 42433 | Spider:2 | Found a runed translucent gate.
 42433 | Spider:2 | Found a runed translucent gate.
 42451 | Spider:2 | Killed Bolleh's ghost
 43115 | Spider:3 | Noticed Jorgrun
 43118 | Spider:3 | Killed Jorgrun
 44469 | Spider:4 | Entered Level 4 of the Spider Nest
 44475 | Spider:4 | Noticed Louise
 44588 | Spider:4 | Killed Louise
 44590 | Spider:4 | Offered knowledge of Lehudib's Crystal Spear by Vehumet.
 44590 | Spider:4 | Offered knowledge of Chain Lightning by Vehumet.
 44590 | Spider:4 | Offered knowledge of Absolute Zero by Vehumet.
 44603 | Spider:4 | Found a frozen archway.
 44617 | IceCv    | Entered an ice cave
 44628 | IceCv    | Learned a level 9 spell: Absolute Zero
 45324 | IceCv    | Noticed an Ice Fiend
 45325 | IceCv    | Noticed an Ice Fiend
 45335 | IceCv    | Killed an Ice Fiend
 45350 | IceCv    | HP: 4/110 [Ice Fiend (10)]
 45861 | IceCv    | Killed an Ice Fiend
 46099 | Spider:4 | Slain by a spark wasp

Illustrated notes

Levels and vault maps discovered:
D:1:      ncdulo_watergridlock, layout_loops_ring, minmay_misc_feat_alley
D:2:      layout_basic, uniq_crazy_yiuf_cottage, uniq_robin
D:3:      layout_basic, nemelex_dance_club_becter
D:4:      layout_layer_cave, minmay_temple_entry_crystal_x, uniq_blork_the_orc
D:5:      layout_rooms
D:6:      layout_cave_pools, dk_yredelemnul_ordeal
D:7:      layout_gridville, doesnt_shop_hydraphobe
D:8:      layout_rooms, vehumet_altar_wand_db
D:9:      layout_cave_pools, orc_0_dummy, serial_shops, shop
D:10:     layout_cave_pods, serial_shops, nicolae_shop_crystal, feat_on_display,
          uniq_snorg
D:11:     layout_loops_ring, lair_entry_dummy, serial_shops,
          nicolae_shop_statue_plus, minivault_4
D:12:     layout_loops_ring, basic_altar, gauntlet_entry_generic, serial_bayou,
          serial_bayou_shore_b, serial_bayou_lagoon_a, serial_bayou_pond_b,
          serial_bayou_crossing, serial_bayou_pond_b,
          hangedman_abyss_or_decor_clamps
D:13:     statuecave_lemuel, layout_loops_ring
D:14:     layout_roguey, grunt_vaults_entry_fortified, basic_altar,
          minivault_25_ag
D:15:     hangedman_depths_entry_civil_slaughter, layout_long_grid, uniq_rupert
Temple:   kilobyte_greek_temple
Lair:1:   layout_regular_city
Lair:2:   layout_long_grid, grunt_forest_stairs_clearing, grunt_megastairs_2,
          infiniplex_staircase_pool_2
Lair:3:   layout_gridlike, minmay_swamp_entry_wisps, grunt_megastairs_4
Lair:4:   layout_cave_pods, dummy_spider_entry, chequers_serial_rivers_small_3
Lair:5:   layout_regular_city, uniq_kirke
Lair:6:   grunt_lair_end_beastmaster, layout_concentric_octagons,
          minmay_slime_entry_oklob_open
Swamp:1:  layout_basic_swamp, evilmike_swamp_ruin_rubble_1, swamp_pool3,
          grunt_ruined_hall
Swamp:2:  layout_basic_swamp, evilmike_swamp_ruin_house_2, swamp_pool1,
          nicolae_swamp_godswood
Swamp:3:  layout_basic_swamp, infiniplex_staircase_pool, swamp_pool1,
          cheibrodos_swamp_minitomb
Swamp:4:  nzn_swamp_witches_coven, layout_basic_swamp, swamp_pool2, worms_lemuel
Spider:1: layout_spider_delve, nicolae_spider_webs_and_nodes, uniq_azrael,
          uniq_donald
Spider:2: layout_spider_delve, gammafunk_ghost_split, drop_trap,
          nicolae_crawler_farm
Spider:3: layout_spider_delve, uniq_jorgrun
Spider:4: floodkiller_spider_rune_tomb, portal_ice_cave_entry_pillars_2,
          zaba_anthell, uniq_louise
Orc:1:    layout_caves, basic_altar, chequers_guarded_unrand_ignorance,
          uniq_urug, uniq_harold
Orc:2:    st_orc_congregation, layout_diamond_mine, serial_shops,
          nicolae_shop_waterfront, basic_altar, uniq_josephine

Skill      XL: |  1  2  3  4  5  6  7  8  9 10 11 12 13 14 15 16 17 18 |
---------------+-------------------------------------------------------+-----
Earth Magic    | 4 5 6 8 9 10 11 13 14 15 16 17 | 17.1
Spellcasting   | 3 4 5 6 7 8 9 10 11 12 13 14 | 14.0
Fighting       | 3 5 6 7 8 10 11 | 11.0
Dodging        | 2 3 5 7 |  7.0
Short Blades   | 3 4 |  4.1
Conjurations   | 3 5 6 8 9 10 | 10.2
Armour         | 4 7 9 10 | 10.0
Shields        | 3 5 |  5.0
Ice Magic      | 3 8 11 13 15 16 | 16.8
Air Magic      | 1 2 |  2.0
Stealth        | |  2.1
Transmutations | |  0.7

Action                   |  1- 3 |  4- 6 |  7- 9 | 10-12 | 13-15 | 16-18 || total
-------------------------+-------+-------+-------+-------+-------+-------++-------
Melee: Unarmed           |    15 |       |       |       |       |       ||    15
       Dagger            |    20 |    96 |       |       |       |       ||   116
       Quarterstaff      |       |    99 |   179 |       |       |       ||   278
       Short sword       |       |       |    95 |   364 |   862 |   931 ||  2252
       Staff             |       |       |       |       |    12 |       ||    12
 Cast: Sandblast         |    27 |     9 |    43 |    92 |   184 |    32 ||   387
       Stone Arrow       |       |       |     1 |     5 |    97 |    31 ||   134
       Lee's Rapid Decon |       |       |     1 |    38 |   128 |    45 ||   212
       Petrify           |       |       |       |     1 |    10 |       ||    11
       Searing Ray       |       |       |       |       |    10 |     1 ||    11
       Freezing Cloud    |       |       |       |       |     7 |     6 ||    13
       Iron Shot         |       |       |       |       |     2 |    45 ||    47
       Ozocubu's Refrige |       |       |       |       |       |   172 ||   172
 Abil: Fly               |       |       |       |       |     1 |       ||     1
Evoke: Wand              |       |       |       |       |       |     4 ||     4
  Use: Scroll            |     1 |     4 |     2 |    14 |    12 |    17 ||    50
       Potion            |       |       |       |     1 |     1 |     3 ||     5
 Stab: Sleeping          |     1 |     5 |     1 |     1 |       |       ||     8
       Paralysed         |       |       |     3 |       |       |       ||     3
       Distracted        |       |       |       |       |     1 |       ||     1
       Invisible         |       |       |       |       |     1 |       ||     1
Armor: Robe              |     8 |   106 |   166 |    75 |   142 |       ||   497
       Troll leather arm |       |       |       |   108 |   280 |       ||   388
       Ring mail         |       |       |       |       |   206 |   723 ||   929
Dodge: Dodged            |    30 |   149 |   232 |   208 |   517 |   509 ||  1645
Block: Buckler           |       |       |       |    35 |   504 |   418 ||   957
       Reflection        |       |       |       |       |    30 |    15 ||    45
